 Dungeon Crawl Stone Soup version 0.29-a0-43-g62a80824bf (webtiles) character file.

Game seed: 3003297320762336275

441 crazypyro the Skirmisher (level 6, -2/76 HPs)
             Began as a Demonspawn Fighter on Feb 2, 2022.
             Was a Believer of Ashenzari.
             Slain by a wraith (6 damage)
             ... in an ossuary.
             The game lasted 00:05:17 (3890 turns).

crazypyro the Skirmisher (Demonspawn Fighter)       Turns: 3890, Time: 00:05:17

Health: -2/76      AC:  6    Str: 18    XL:     6   Next: 71%
Magic:  0/6        EV:  9    Int:  9    God:    Ashenzari [**....]
Gold:   89         SH:  5    Dex: 13    Spells: 5/5 levels left

rFire   . . .      SeeInvis +   a - +0 war axe "Cursed With Me" {Bglg, Melee} (curse)
rCold   . . .      Faith    .   c - +0 buckler "Enlightened Desperation" {Melee, Range} (curse)
rNeg    . . .      Spirit   +   b - +0 scale mail "Share My Negation" {Self, Melee} (curse)
rPois   .          Reflect  .   (no helmet)
rElec   .          Harm     .   (no cloak)
rCorr   .          Rampage  .   (no gloves)
Will    .....                   (no boots)
Stlth   ..........              (no amulet)
HPRegen 0.22/turn               (no ring)
MPRegen 0.20/turn               (no ring)

@: mighty, berserking, slowed
A: ignite blood 1, magic shield, magic regeneration
a: Renounce Religion, Curse Item, Shatter the Chains


You were in an ossuary.
You worshipped Ashenzari.
Ashenzari was pleased with you.
You visited 1 branch of the dungeon, and saw 4 of its levels.
You also visited: Ossuary.

You collected 89 gold pieces.

Inventory:

Hand Weapons
 a - the cursed +0 war axe "Cursed With Me" (weapon) {Bglg, Melee}

   It has a curse which improves the following skills: Beguiling: Conjurations,
   Hexes and Translocations.
   Melee Combat: Short Blades, Long Blades, Axes, Maces & Flails, Polearms,
   Staves and Unarmed Combat.
 p - a +1 hand axe of flaming
Armour
 b - the cursed +0 scale mail "Share My Negation" (worn) {Self, Melee}

   It has a curse which improves the following skills: Introspection: Fighting
   and Spellcasting.
   Melee Combat: Short Blades, Long Blades, Axes, Maces & Flails, Polearms,
   Staves and Unarmed Combat.
 c - the cursed +0 buckler "Enlightened Desperation" (worn) {Melee, Range}

   It has a curse which improves the following skills: Melee Combat: Short
   Blades, Long Blades, Axes, Maces & Flails, Polearms, Staves and Unarmed
   Combat.
   Ranged Combat: Slings, Bows, Crossbows and Throwing.
 n - a +2 chain mail of willpower
Jewellery
 m - an amulet of regeneration
 o - a ring of positive energy
Wands
 d - a wand of digging (8)
 i - a wand of polymorph (10)
Scrolls
 e - a scroll of identify
 f - a scroll of magic mapping
 h - 4 scrolls of teleportation
 k - 2 scrolls of fog
 q - a scroll of amnesia
 s - a scroll of blinking
Potions
 g - 5 potions of curing
 t - a potion of brilliance


   Skills:
 + Level 4.1(5.3) Fighting
 * Level 4.1(6.4) Axes
 + Level 3.6 Armour
 + Level 2.0 Dodging
 + Level 3.8 Shields


You had 5 spell levels left.
You didn't know any spells.
Your spell library was empty.

Dungeon Overview and Level Annotations

Branches:
Dungeon (4/15)            Ossuary (1/1)
 Temple: D:4-7

Altars:
Ashenzari

Shops:
D:1 ?   D:3 [   D:4 (=


Innate Abilities, Weirdness & Mutations

Your demonic aura sometimes causes spilled blood to erupt in flames.
When hurt, damage is shared between your health and your magic reserves.
You regenerate magic rapidly.


Message History

The wraith hits you.
* * * LOW HITPOINT WARNING * * *
The wraith drains your vigour!
You feel as though you will be slow longer.
You feel much better. You block the wraith's attack.
The wraith closely misses you.
You slash the wraith!
The wraith is moderately damaged.
The wraith completely misses you. The wraith hits you!
* * * LOW HITPOINT WARNING * * *
The wraith drains your vigour!
You feel as though you will be slow longer.
A red film seems to cover your vision as you go berserk!
You feel yourself moving faster!
You feel mighty! The wraith hits you but does no damage.
You closely miss the wraith.
The wraith is moderately damaged.
The wraith hits you.
* * * LOW HITPOINT WARNING * * *
The wraith drains your vigour!
You feel as though you will be slow longer.
You barely miss the wraith.
The wraith is moderately damaged.
You block the wraith's attack. The wraith hits you.
* * * LOW HITPOINT WARNING * * *
You closely miss the wraith.
The wraith is moderately damaged.
The wraith hits you.
* * * LOW HITPOINT WARNING * * *
You slash the wraith!
The wraith is heavily damaged.
The wraith hits you!
* * * LOW HITPOINT WARNING * * *
The wraith drains your vigour!
You feel as though you will be slow longer.
You hit the wraith.
The wraith is severely damaged.
The wraith is engulfed in blazing flames.
The wraith hits you!
You die...

, * , ,##.. ,
..## ...#####...*
* .##...##., * *.
##.!??.## . +..
#.??!!!.# .. ,
...##.!!?.##... ,
#...##.W.##...# .
#...##@##...#* ,
...*#...○.....#
....#####'#####..
, ∩
.................
,
.................
*
########'''######
* ####...# *
#..'...+ *
#!.#...#


You could see a wraith.

Vanquished Creatures
  2 ogres
  Ijyb (D:3)
  Natasha (thrice) (D:2)
  A hound skeleton (D:4)
  A mummy (Ossuary)
  Robin (D:2)
  2 adders (D:3)
  3 gnolls (D:3)
  An adder skeleton (D:4)
  3 worms
  2 dart slugs
  4 endoplasms
  5 giant cockroaches
  9 goblins
  5 hobgoblins
  7 jackals (D:1)
  2 ball pythons
  2 bats
  3 frilled lizards
  4 gnoll skeletons (Ossuary)
  2 kobolds
  5 orc skeletons (Ossuary)
  9 rats
77 creatures vanquished.

Notes
Turn   | Place    | Note
-------+----------+-------------------------------------------
     0 | D:1      | crazypyro the Demonspawn Fighter began the quest for the
                  | Orb.
     0 | D:1      | Reached XP level 1. HP: 18/18 MP: 1/1
    92 | D:1      | Found a faded altar of an unknown god.
   134 | D:1      | Prayed at the altar of an unknown god.
   134 | D:1      | Became a worshipper of Ashenzari the Shackled
   277 | D:1      | Gained mutation: You regenerate magic rapidly. [demonic
                  | ancestry]
   277 | D:1      | Reached XP level 2. HP: 24/24 MP: 2/2
   818 | D:1      | Reached * piety under Ashenzari
   853 | D:1      | Found Zoowauda's Magic Scroll Shoppe.
  1125 | D:2      | Reached XP level 3. HP: 4/29 MP: 3/3
  1418 | D:2      | Noticed Robin
  1451 | D:2      | Killed Robin
  1678 | D:2      | Noticed Natasha
  1686 | D:2      | Killed Natasha
  1687 | D:2      | Reached XP level 4. HP: 21/35 MP: 4/4
  1697 | D:2      | Noticed Natasha
  1922 | D:2      | Killed Natasha
  1923 | D:2      | Reached skill level 1 in Dodging
  2082 | D:2      | Noticed Natasha
  2091 | D:2      | Killed Natasha
  2193 | D:2      | Reached ** piety under Ashenzari
  2491 | D:3      | Gained mutation: When hurt, damage is shared between your
                  | health and your magic reserves. [demonic ancestry]
  2491 | D:3      | Reached XP level 5. HP: 32/43 MP: 5/5
  2661 | D:3      | Found Dakatt's Antique Armour Emporium.
  2926 | D:3      | Noticed an ogre
  2934 | D:3      | Killed an ogre
  3066 | D:3      | Noticed Ijyb
  3077 | D:3      | Killed Ijyb
  3078 | D:3      | Gained mutation: Your demonic aura sometimes causes spilled
                  | blood to erupt in flames. [demonic ancestry]
  3078 | D:3      | Reached XP level 6. HP: 44/51 MP: 6/6
  3490 | D:4      | Found Veiraure's Weapon Boutique.
  3706 | D:4      | Found Nyshris's Jewellery Emporium.
  3708 | D:4      | Found a sand-covered staircase.
  3717 | Ossuary  | Entered an ossuary
  3717 | Ossuary  | Noticed a wraith
  3717 | Ossuary  | Noticed a wraith
  3717 | Ossuary  | Noticed a wraith
  3875 | Ossuary  | Noticed a wraith
  3890 | Ossuary  | Slain by a wraith

Illustrated notes

Levels and vault maps discovered:
D:1:      nzn_arrival_water_spiral, layout_loops_corners, serial_shops, shop,
          basic_ecumenical_altar, chequers_serial_rivers_micro_c
D:2:      layout_rooms, uniq_robin, uniq_natasha
D:3:      layout_basic, serial_shops, shop_statue, minmay_misc_feat_five,
          uniq_ijyb
D:4:      layout_rooms, minmay_temple_entry_waves, serial_glass,
          glass_columns_a, glass_columns_a, serial_shops, kennysheep_mini_moat,
          shop, nicolae_diamond_shop, nicolae_shop_behind_doors, shop,
          enter_ossuary_1
Ossuary:  ossuary_due_mausoleum

Skill      XL: |  1  2  3  4  5  6 |
---------------+-------------------+-----
Axes           | 2 3 4 |  4.1
Shields        | 3 |  3.8
Armour         | 3 |  3.6
Dodging        | 1 2 |  2.0
Fighting       | 4 |  4.1

Action                   |  1- 3 |  4- 6 || total
-------------------------+-------+-------++-------
Melee: War axe           |    93 |   114 ||   207
Invok: Curse Item        |     2 |     1 ||     3
  Use: Scroll            |     2 |       ||     2
       Potion            |       |     4 ||     4
Armor: Scale mail        |    42 |    36 ||    78
       Skin              |       |     2 ||     2
Dodge: Dodged            |    46 |    38 ||    84
Block: Buckler           |    18 |    19 ||    37

Table legend: (Time is in decaauts)
 A = Elapsed time spent in this place.
 B = Non-inter-level travel time spent in this place.
 C = Inter-level travel time spent in this place.
 D = Time resting spent in this place.
 E = Time spent auto-exploring this place.
 F = Levels seen in this place.
 G = Mean time per level.
                   A        B        C        D        E       F      G
               +--------+--------+--------+--------+--------+-----+--------+
         Total |   3959 |   3879 |     80 |      0 |   3346 |   5 |  791.8 |
       Dungeon |   3777 |   3697 |     80 |      0 |   3219 |   4 |  944.2 |
       Ossuary |    182 |    182 |      0 |      0 |    127 |   1 |  182.0 |
               +--------+--------+--------+--------+--------+-----+--------+

Top non-repeatable levels by time:
     D:1: 1323 daAuts
     D:2: 1189 daAuts
     D:3: 1031 daAuts
     D:4: 233 daAuts
 Ossuary: 182 daAuts
